[ AOE2 MATCH · #505864304 ]
UnrankedPoles vs Persians
Player's team · LOSS
[ REPLAY ANALYSIS · EXTRACTED FROM THE RECORDED GAME ]
Feudal
—
Castle
—
Imperial
—
| APM avg | 37.9 |
| APM peak | 73 |
| eAPM avg | 21.1 |
| Villagers / military | 22 / 0 |
Focus
⚔️ 11.8% · 🌾 88.2%
Feudal
—
Castle
—
Imperial
—
| APM avg | 49.8 |
| APM peak | 141 |
| eAPM avg | 30.6 |
| Villagers / military | 28 / 0 |
Focus
⚔️ 12.9% · 🌾 87.1%
Match map
Initial resources + every placement click. Lines = walls · curves = elevation contours. ◆ gold · ⬟ stone · ● berries · ✦ relic · ◌ wall gap
Your base
andreamancassola12's base
Smoothed initial terrain · ◌ = detected wall gap · hover for details
Inputs per minute
— marius_590 - - andreamancassola12
Build order — marius_590
36 actions detected in the replay
| 0:00 | Queue | Villager (Male) ×4 |
| 0:02 | Build | House |
| 0:05 | Build | House |
| 1:34 | Queue | Villager (Male) |
| 1:53 | Queue | Villager (Male) |
| 1:58 | Build | Lumber Camp |
| 2:22 | Queue | Villager (Male) |
| 2:51 | Queue | Villager (Male) |
| 2:54 | Queue | Villager (Male) |
| 3:33 | Build | House |
| 3:36 | Queue | Villager (Male) |
| 3:52 | Build | Mill |
| 4:01 | Queue | Villager (Male) |
| 4:26 | Queue | Villager (Male) |
| 4:45 | Queue | Villager (Male) |
| 5:12 | Build | Mill |
| 5:23 | Queue | Villager (Male) |
| 5:39 | Queue | Villager (Male) |
| 6:04 | Queue | Villager (Male) |
| 6:05 | Queue | Villager (Male) |
| 6:11 | Research | Loom |
| 7:32 | Queue | Villager (Male) |
| 7:32 | Queue | Villager (Male) |
| 7:50 | Build | House |
| 7:52 | Build | House |
| 8:02 | Build | House |
| 8:05 | Queue | Villager (Male) |
| 8:12 | Build | House |
| 8:16 | Build | House |
| 8:20 | Build | House |
| 8:23 | Queue | Villager (Male) |
| 8:36 | Build | House |
| 8:59 | Queue | Villager (Male) |
| 9:06 | Build | House |
| 9:09 | Build | House |
| 9:11 | Build | House |
Build order — andreamancassola12
39 actions detected in the replay
| 0:00 | Queue | Villager (Male) |
| 0:01 | Queue | Villager (Male) |
| 0:01 | Queue | Villager (Male) |
| 0:02 | Build | House |
| 0:03 | Build | House |
| 0:17 | Queue | Villager (Male) |
| 0:17 | Queue | Villager (Male) |
| 0:18 | Queue | Villager (Male) |
| 1:53 | Queue | Villager (Male) |
| 1:54 | Queue | Villager (Male) |
| 1:55 | Queue | Villager (Male) |
| 1:55 | Queue | Villager (Male) |
| 1:57 | Queue | Villager (Male) |
| 2:04 | Build | Lumber Camp |
| 3:08 | Queue | Villager (Male) |
| 3:08 | Queue | Villager (Male) |
| 3:08 | Queue | Villager (Male) |
| 3:09 | Queue | Villager (Male) |
| 3:18 | Build | House |
| 3:39 | Queue | Villager (Male) |
| 4:02 | Queue | Villager (Male) |
| 4:02 | Queue | Villager (Male) |
| 4:03 | Queue | Villager (Male) |
| 5:09 | Research | Loom |
| 5:43 | Build | Mill |
| 6:04 | Build | Town Center |
| 6:17 | Build | Town Center |
| 6:20 | Build | House |
| 6:32 | Build | Palisade Wall |
| 6:33 | Build | Palisade Wall |
| 7:46 | Queue | Villager (Male) |
| 7:46 | Queue | Villager (Male) |
| 7:47 | Queue | Villager (Male) |
| 7:47 | Queue | Villager (Male) |
| 8:09 | Queue | Villager (Male) |
| 9:01 | Queue | Villager (Male) |
| 9:26 | Queue | Villager (Male) |
| 10:17 | Queue | Villager (Male) |
| 10:18 | Queue | Villager (Male) |
Match timeline
| 6:32 | andreamancassola12 · wall_segment Palisade Wall x1 |
| 6:33 | andreamancassola12 · wall_segment Palisade Wall x1 |
| 10:35 | marius_590 · resign |
[ AI ANALYSIS · 1 CREDIT ]
What really happened in this match?
Wolo.gg analyzes every decision: build order, eco, micro, common mistakes by bracket. Personalized analysis on WhatsApp or Discord in 30 seconds.
Civ guide
Poles
Perfil
Jugador #820812